 Dungeon Crawl Stone Soup version 0.30-a0-368-g86fb4627a9 (webtiles) character file.

Game seed: 17658307786404424686

4762 KennySheep the Fighter (level 10, -4/111 HPs)
             Began as an Ogre Cinder Acolyte on Nov 20, 2022.
             Was an Elder of Ignis.
             Slain by a red devil
             ... wielding a +0 trident
             ... summoned by a kobold demonologist
              (15 damage)
             ... on level 9 of the Dungeon.
             The game lasted 00:14:24 (7794 turns).

KennySheep the Fighter (Ogre Cinder Acolyte)        Turns: 7794, Time: 00:14:25

Health: -4/111     AC:  3    Str: 24    XL:     10   Next: 47%
Magic:  11/11      EV: 13    Int: 15    God:    Ignis [****..]
Gold:   474        SH:  0    Dex:  4    Spells: 11/11 levels left

rFire   + . .      SeeInvis +    B - +2 broad axe (flame)
rCold   . . .      Faith    .    (no shield)
rNeg    . . .      Spirit   .    C - +0 steam dragon scales
rPois   .          Reflect  .    (helmet restricted)
rElec   .          Harm     .    o - +0 cloak
rCorr   .          Rampage  .    (gloves unavailable)
Will    +....                    (boots unavailable)
Stlth   +.........               (no amulet)
HPRegen 0.38/turn                m - ring of see invisible
MPRegen 0.12/turn                z - +4 ring of evasion

@: spiked, corroded
A: large, unfitting armour, tough skin 1
a: Renounce Religion, Fiery Armour, Foxfire Swarm, Rising Flame


You were on level 9 of the Dungeon.
You worshipped Ignis.
Ignis was greatly pleased with you.
You visited 1 branch of the dungeon, and saw 9 of its levels.

You collected 474 gold pieces.

Inventory:

Hand Weapons
 a - a -1 mace of flaming
 t - a +2 battleaxe of draining
 w - a +0 giant club
 B - a +2 broad axe of flaming (weapon)
Missiles
 d - 108 stones
 j - 4 large rocks (quivered)
 k - 37 poisoned darts
 n - 2 boomerangs
Armour
 b - a +0 robe
 o - a +0 cloak (worn)
 C - +0 steam dragon scales (worn)
 D - a +0 troll leather armour
Jewellery
 m - a ring of see invisible (left hand)
 v - a ring of wizardry
 z - a +4 ring of evasion (right hand)
 H - a ring of protection from fire
Wands
 s - a wand of flame (63)
 A - a wand of charming (10)
Scrolls
 e - 5 scrolls of identify
 g - 2 scrolls of amnesia
 h - 2 scrolls of fog
 p - 3 scrolls of noise {unknown}
 q - a scroll of enchant weapon {unknown}
 u - a scroll of magic mapping {unknown}
 x - 3 scrolls of poison
 y - 2 scrolls of teleportation {unknown}
 F - 2 scrolls of blinking {unknown}
Potions
 f - a potion of magic {unknown}
 i - 4 potions of curing
 l - a potion of mutation {unknown}
 r - 2 potions of invisibility {unknown}
 E - a potion of attraction {unknown}
 G - 2 potions of lignification {unknown}


   Skills:
 + Level 10.6 Fighting
 * Level 10.2 Maces & Flails
 + Level 7.4 Throwing
 - Level 1.2 Spellcasting
 - Level 2.6 Fire Magic


You had 11 spell levels left.
You didn't know any spells.
Your spell library contained the following spells:

 Spells                   Type           Power      Damage    Failure   Level
 Scorch                   Fire           16%        2d6       12%         2
 Blink                    Tloc           0%         N/A       36%         2
 Dazzling Flash           Conj/Hex       0%         N/A       58%         3
 Portal Projectile        Hex/Tloc       0%         N/A       58%         3
 Tukima's Dance           Hex            0%         N/A       58%         3
 Manifold Assault         Tloc           0%         N/A       94%         4
 Passage of Golubria      Tloc           0%         N/A       94%         4
 Agony                    Necr           0%         N/A       100%        5
 Blade Hands              Tmut           0%         N/A       100%        5
 Silence                  Hex/Air        0%         N/A       100%        5
 Yara's Violent Unravell  Hex/Tmut       0%         3d3       100%        5
 Storm Form               Tmut/Air       0%         N/A       100%        7


Dungeon Overview and Level Annotations

Branches:
Dungeon (9/15)             Temple (0/1) D:4
   Lair: D:8-11         Orc: D:9-12

Altars:
Ashenzari
Dithmenos
Elyvilon
Fedhas
Kikubaaqudgha
Makhleb
Nemelex Xobeh
Okawaru
Trog
Vehumet
Yredelemnul
Zin

Shops:
D:9 (

Annotations:
D:7 exclusion: 2 doors


Innate Abilities, Weirdness & Mutations

You are too large for most types of armour.
You have tough skin. (AC +1)


Message History

The white imp lashes its tail.
The red devil hits you from afar with a +0 trident!
* * * LOW HITPOINT WARNING * * *
Barbed spikes become lodged in your body.
The rust devil hits you.
* * * LOW HITPOINT WARNING * * *
The rust devil corrodes you! The orc wizard casts a spell at you.
The puff of flame hits you. You resist.
* * * LOW HITPOINT WARNING * * *
Okay, then.
You feel much better.
The white imp disappears in a puff of smoke!
The rust devil disappears in a puff of smoke!
The unseen horror zombie hits you. The red devil closely misses you.
The unseen horror zombie misses you.
The orc wizard points at you and mumbles some strange words.
You easily resist.
You feel much better. The unseen horror zombie hits you.
The unseen horror zombie misses you.
The red devil hits you from afar with a +0 trident!
Barbed spikes become lodged in your body.
The soul eater draws from the surrounding life force!
* * * LOW HITPOINT WARNING * * *
The unseen horror zombie closely misses you.
The orc wizard points at you and mumbles some strange words.
The puff of flame hits you. You resist.
* * * LOW HITPOINT WARNING * * *
The white imp gestures at you.
The puff of frost misses the orc wizard.
The puff of frost hits you!
* * * LOW HITPOINT WARNING * * *
The air fills with toxic fumes!
As you read the scroll labelled ZIDA YRUSE, it crumbles to dust.
It was a scroll of poison.
The unseen horror zombie hits you but does no damage.
The unseen horror zombie hits you.
* * * LOW HITPOINT WARNING * * *
The red devil hits you from afar with a +0 trident!
You die...

#......#...#....
#§§§§#......#...###..
#§§§§#......#...###..
#§§§§#......#........
+§§§§#......#).......
#§5§§#......#).......
#.4o5#......#........
#5KZ3#......'.......)
###@#......#########
#§§§§§§§§§§.........
#§§§§§§§§§§.........
#§§§§§§§§§§.........
#§§§§§§§§§§.........
#§§§§§§§§§§.........
§§§§§§§###+#........
§§§§§§§§# ....#....)
...#######
.<...#....)


You could see a soul eater (summoned), a kobold demonologist, a red devil
(summoned), an orc wizard (invisible), a quasit (summoned), a white imp
(summoned), a shadow imp (summoned) and an unseen horror zombie.

Vanquished Creatures
  A two-headed ogre (D:8)
  Maggie (D:7)
  A troll (D:7)
  A hornet (D:8)
  6 yaks
  A wyvern (D:8)
  2 steam dragons (D:7)
  A water moccasin (D:7)
  A black bear (D:4)
  2 ogres
  A sky beast (D:7)
  A phantom (D:5)
  2 kobold brigands
  A bullfrog (D:5)
  4 scorpions
  A wyvern zombie (D:9)
  7 wights (D:9)
  2 howler monkeys
  A centaur zombie (D:9)
  2 hounds
  4 orc priests
  A jelly (D:6)
  A gnoll bouda (D:4)
  3 iguanas
  4 orc wizards
  Robin (D:4)
  A gnoll (D:5)
  11 adders
  3 white imps
  3 ufetubi
  2 worms (D:4)
  A dart slug (D:1)
  12 orcs
  5 ball pythons
  6 endoplasms
  A giant cockroach (D:3)
  14 goblins
  14 hobgoblins
  3 jackals (D:4)
  16 kobolds
  3 quokkas
  2 bats (D:2)
  3 frilled lizards
  4 rats
157 creatures vanquished.

Vanquished Creatures (others)
  An orc wizard (D:7)
  A kobold (D:7)
  15 foxfires (D:8)
  2 plants (D:7)
  2 withered plants (D:9)
21 creatures vanquished.

Grand Total: 178 creatures vanquished

Notes
Turn   | Place    | Note
-------+----------+-------------------------------------------
     0 | D:1      | KennySheep the Ogre Cinder Acolyte began the quest for the
                  | Orb.
     0 | D:1      | Reached XP level 1. HP: 24/24 MP: 2/2
    96 | D:1      | Reached XP level 2. HP: 32/32 MP: 3/3
   297 | D:1      | You fall into a shaft and drop 1 floor!
   372 | D:2      | Found a faded altar of an unknown god.
   459 | D:2      | Reached XP level 3. HP: 34/40 MP: 4/4
   669 | D:2      | Reached skill level 1 in Throwing
   734 | D:2      | Reached XP level 4. HP: 49/49 MP: 5/5
  1127 | D:3      | Noticed a scorpion
  1135 | D:3      | Killed a scorpion
  1136 | D:3      | Reached skill level 5 in Fighting
  1136 | D:3      | Reached XP level 5. HP: 48/57 MP: 6/6
  1227 | D:3      | Found a glowing silver altar of Zin.
  1592 | D:3      | Found a radiant altar of Vehumet.
  2109 | D:4      | Noticed an ogre
  2119 | D:4      | Found a staircase to the Ecumenical Temple.
  2135 | D:4      | Killed an ogre
  2136 | D:4      | Reached XP level 6. HP: 22/67 MP: 7/7
  2151 | D:4      | Noticed Robin
  2158 | D:4      | Reached skill level 5 in Maces & Flails
  2161 | D:4      | Killed Robin
  2213 | D:4      | Noticed a black bear
  2221 | D:4      | Killed a black bear
  2222 | D:4      | Reached XP level 7. HP: 49/75 MP: 8/8
  2229 | D:4      | Found a burning altar of Makhleb.
  2232 | D:4      | Found an ancient bone altar of Kikubaaqudgha.
  3391 | D:5      | Entered Level 5 of the Dungeon
  3763 | D:5      | Found a basalt altar of Yredelemnul.
  3768 | D:5      | Identified the +7 dagger of the Many Teeth {elec, rC+ Str+2
                  | SInv}
  3830 | D:5      | Reached XP level 8. HP: 83/87 MP: 9/9
  3845 | D:5      | Found a shadowy altar of Dithmenos.
  4027 | D:5      | Found an iron altar of Okawaru.
  4098 | D:5      | Found a white marble altar of Elyvilon.
  4553 | D:6      | Found a bloodstained altar of Trog.
  4881 | D:6      | Found a sparkling altar of Nemelex Xobeh.
  5606 | D:7      | Reached skill level 5 in Throwing
  5795 | D:7      | Reached XP level 9. HP: 78/96 MP: 10/10
  6029 | D:7      | Noticed Maggie
  6107 | D:7      | Noticed a troll
  6114 | D:7      | Killed Maggie
  6118 | D:7      | Killed a troll
  6662 | D:8      | Found a blossoming altar of Fedhas.
  6721 | D:8      | Noticed a hornet
  6729 | D:8      | Killed a hornet
  6744 | D:8      | Noticed a two-headed ogre
  6752 | D:8      | Killed a two-headed ogre
  6753 | D:8      | Reached XP level 10. HP: 44/110 MP: 11/11
  6782 | D:8      | HP: 5/110 [yak (11)]
  6786 | D:8      | Reached skill level 10 in Fighting
  7317 | D:9      | Found Cemos's Weapon Shop.
  7437 | D:9      | Found a broken altar of Ashenzari.
  7463 | D:9      | Reached skill level 10 in Maces & Flails
  7780 | D:9      | Noticed a kobold demonologist
  7783 | D:9      | Noticed a rust devil
  7789 | D:9      | Noticed a soul eater
  7794 | D:9      | Slain by a red devil

Illustrated notes

Levels and vault maps discovered:
D:1:      lightli_molten_gateway, layout_loops_cross
D:2:      layout_rooms, dreamdust_ecumenical_altar_angels_and_demons
D:3:      layout_loops_ring, lemuel_round_altar, zin_treasury
D:4:      minmay_razor_zed, layout_cave_pools, minitemple,
          minmay_temple_entry_stoned_glass, minmay_bent, uniq_robin
D:5:      layout_rooms, kennysheep_ying_yang,
          nicolae_dithmenos_through_a_glass_darkly, okawaru_altar_gauntlet_db
D:6:      layout_loops_ring, mainiacjoe_overflow_concentric_impassable,
          nemelex_spade_bored_becter
D:7:      cheibrodos_two_vegetables, layout_basic, uniq_maggie
D:8:      layout_rooms, fedhas_altar_2
D:9:      layout_gridville, nicolae_ru_sacrificial_ziggurat,
          amcnicky_altar_gilded, mainiacjoe_overflow_alcove_1, serial_undead,
          serial_undead_a, serial_undead_c, serial_undead_d, serial_undead_b,
          serial_shops, shop

Skill      XL: |  1  2  3  4  5  6  7  8  9 10 |
---------------+-------------------------------+-----
Maces & Flails | 3 4 5 6 7 9 10 | 10.2
Throwing       | 1 2 3 4 5 6 7 |  7.4
Fighting       | 5 6 7 8 9 10 | 10.6
Spellcasting   | |  1.2
Fire Magic     | |  2.6

Action                   |  1- 3 |  4- 6 |  7- 9 | 10-12 || total
-------------------------+-------+-------+-------+-------++-------
Melee: Mace              |    88 |    87 |    16 |       ||   191
       Battleaxe         |       |       |   236 |       ||   236
       Punch             |       |       |     2 |       ||     2
       Broad axe         |       |       |    25 |    54 ||    79
Throw: Stone             |     1 |       |       |       ||     1
       Dart              |       |    20 |       |       ||    20
       Large rock        |       |     1 |     6 |     1 ||     8
Invok: Fiery Armour      |       |     1 |     2 |       ||     3
       Foxfire Swarm     |       |       |       |     1 ||     1
  Use: Scroll            |       |     2 |       |     1 ||     3
       Potion            |       |     1 |       |     3 ||     4
Armor: Robe              |    29 |    54 |   124 |       ||   207
       Steam dragon scal |       |       |    10 |    23 ||    33
Dodge: Dodged            |    35 |    55 |   234 |    40 ||   364

Table legend: (Time is in decaauts)
 A = Elapsed time spent in this place.
 B = Non-inter-level travel time spent in this place.
 C = Inter-level travel time spent in this place.
 D = Time resting spent in this place.
 E = Time spent auto-exploring this place.
 F = Levels seen in this place.
 G = Mean time per level.
                   A        B        C        D        E       F      G
               +--------+--------+--------+--------+--------+-----+--------+
         Total |   7991 |   7793 |    198 |   1070 |   5323 |   9 |  887.9 |
       Dungeon |   7991 |   7793 |    198 |   1070 |   5323 |   9 |  887.9 |
               +--------+--------+--------+--------+--------+-----+--------+

Top non-repeatable levels by time:
     D:4: 1508 daAuts
     D:7: 1501 daAuts
     D:6: 1051 daAuts
     D:3: 898 daAuts
     D:5: 816 daAuts
     D:2: 754 daAuts
     D:8: 665 daAuts
     D:9: 491 daAuts
     D:1: 303 daAuts
